 Dungeon Crawl Stone Soup version 0.27.0-1-g7a089689b8 (webtiles) character file.

Game seed: 6138637838173184614

43008 sasquatch the Carver (level 13, -1/103 HPs)
             Began as a Demonspawn Berserker on Aug 1, 2021.
             Was a High Priest of Trog.
             Slain by a wolf (3 damage)
             ... while petrified by a catoblepas
             ... on level 5 of the Lair of Beasts.
             The game lasted 00:42:25 (24358 turns).

sasquatch the Carver (Demonspawn Berserker)        Turns: 24358, Time: 00:42:26

Health: -1/103     AC: 17    Str: 27    XL:     13   Next: 88%
Magic:  13/13      EV:  2    Int: 11    God:    Trog [*****.]
Gold:   1136       SH:  0    Dex: 14    Spells: 12/12 levels left

rFire    . . .     SeeInvis .   H - +2 scimitar (freeze)
rCold    . . .     Faith    .   G - +0 kite shield
rNeg     + + +     Spirit   .   S - +1 scale mail of Light {rCorr Int+2}
rPois    ∞         Reflect  .   (helmet restricted)
rElec    .         Harm     .   o - +0 cloak
rCorr    +         Rampage  .   r - +0 pair of gloves
Will     .....                  h - +0 pair of boots
Stlth    ..........             (no amulet)
HPRegen  0.27/turn              f - +6 ring of strength
MPRegen  0.13/turn              F - ring of poison resistance

@: petrified, on berserk cooldown, slowed
A: horns 1, yellow scales 2, foul stench 3, condensation shield
a: Renounce Religion, Berserk, Trog's Hand, Brothers in Arms


You were on level 5 of the Lair of Beasts.
You worshipped Trog.
Trog was extremely pleased with you.
You visited 2 branches of the dungeon, and saw 18 of its levels.

You collected 1136 gold pieces.

Inventory:

Hand Weapons
 s - a +1 long sword
 H - a +2 scimitar of freezing (weapon)
Missiles
 k - 10 javelins
 p - 8 boomerangs of dispersal
 I - 5 throwing nets
 K - 38 poisoned darts (quivered)
 O - 6 curare-tipped darts
Armour
 a - a +0 chain mail
 c - a +0 buckler
 h - a +0 pair of boots (worn)
 o - a +0 cloak (worn)
 r - a +0 pair of gloves (worn)
 G - a +0 kite shield (worn)
 Q - a +1 plate armour
 S - the +1 scale mail of Light (worn) {rCorr Int+2}
   (You found it on level 4 of the Lair of Beasts)

   Int:       It affects your intelligence (+2).
   rCorr:     It protects you from acid and corrosion.
Jewellery
 f - a +6 ring of strength (left hand)
 A - a ring of ice
 F - a ring of poison resistance (right hand)
Wands
 y - a wand of flame (42)
 C - a wand of iceblast (19)
 J - a wand of acid (20)
 L - a wand of polymorph (9)
 P - a wand of paralysis (27)
 R - a wand of charming (13)
Scrolls
 d - 3 scrolls of immolation
 g - 4 scrolls of fear
 i - 5 scrolls of identify
 m - 2 scrolls of enchant armour
 n - 11 scrolls of teleportation
 v - a scroll of fog
 w - a scroll of enchant weapon
 z - a scroll of blinking
 E - a scroll of vulnerability
Potions
 b - 4 potions of might
 e - 2 potions of berserk rage
 j - 5 potions of heal wounds
 l - a potion of attraction {unknown}
 q - a potion of magic {unknown}
 t - 9 potions of curing
 u - 3 potions of brilliance {unknown}
 x - 3 potions of invisibility
 B - a potion of mutation
 D - 2 potions of lignification {unknown}
 M - 3 potions of flight {unknown}
 T - a potion of cancellation {unknown}


   Skills:
 - Level 10.0 Fighting
 - Level 14.0 Long Blades
 - Level 10.0 Armour
 - Level 1.8 Dodging
 + Level 11.6 Shields


You had 12 spell levels left.
You didn't know any spells.
Your spell library was empty.

Dungeon Overview and Level Annotations

Branches:
Dungeon (12/15)            Temple (0/1) D:6            Lair (6/6) D:8
  Swamp (0/4) Lair:3        Snake (0/4) Lair:3        Slime (0/5) Lair:6
    Orc: D:9-12

Altars:
Nemelex Xobeh
Qazlal
Sif Muna
Trog
Xom

Shops:
D:7 *


Innate Abilities, Weirdness & Mutations

You have a pair of small horns on your head.
You are mostly covered in yellow scales. (AC +3)
You frequently emit foul miasma when damaged in melee.
A meltable shield of frost defends you. (SH +4)


Message History

The blast of calcifying dust hits you but does no damage.
The dream sheep ruffle their wool and motes of dream dust sparkle, to no effect.
The catoblepas breathes a plume of calcifying dust at you.
The blast of calcifying dust hits the death yak. x2
The blast of calcifying dust hits you.
* * * LOW HITPOINT WARNING * * *
The death yak is engulfed in calcifying dust.
The death yak is moving more slowly.
You block the wolf's attack.
The death yak is engulfed in calcifying dust.
The death yak is moving more slowly.
The death yak gores you!
* * * LOW HITPOINT WARNING * * *
The catoblepas moves out of view.
You are engulfed in calcifying dust.
You are slowing down.
The sentinel's mark upon you fades away.
The wolf bites you but does no damage. The wolf bites you!
* * * LOW HITPOINT WARNING * * *
The wolf is engulfed in calcifying dust.
The wolf is moving more slowly.
The wolf bites you.
* * * LOW HITPOINT WARNING * * *
You emit a cloud of foul miasma!
The wolf bites you.
You emit a cloud of foul miasma!
The wolf bites you.
* * * LOW HITPOINT WARNING * * *
The death yak is engulfed in calcifying dust.
The death yak stops moving altogether!
The wolf is engulfed in dark miasma.
The wolf is poisoned.
The wolf barely misses you.
The wolf is engulfed in dark miasma.
The wolf is poisoned.
The wolf bites you but does no damage.
The blink frog blinks!
The wolf barely misses you.
The dream sheep is engulfed in calcifying dust.
The dream sheep is moving more slowly.
You climb upwards.
You have turned to stone.
The wolf bites you but does no damage. The wolf bites you.
* * * LOW HITPOINT WARNING * * *
The death yak gores you.
* * * LOW HITPOINT WARNING * * *
The wolf bites you but does no damage. The wolf bites you.
* * * LOW HITPOINT WARNING * * *
The death yak barely misses you. The wolf bites you.
You die...

..>####..####.............<......
##..#..#...#......#..............
##..#.##..P#....#.##...#....#....
....###.......#####..P###..###...
.....#........## #....###..##....
...:...........###....##...P.....
.###............##....###P.......
## #............Y#....###........
# #............@h...............
# #....#.##.....h.....#.###.....
# #.....####.P..#.....####......
# #....##.P.#.........# #.......
## ##.....P..P..####..## ##......
.#####.........## #...## #.......
.#..............# #....###.......
................###......##P.....
..........P..#.#.##......#.......


You could see a death yak (very poisoned) and 2 wolves.

Vanquished Creatures
  Fannar (D:11)
  2 hydras (Lair:2)
  2 boulder beetles (D:11)
  Harold (D:7)
  3 two-headed ogres
  2 death yaks (Lair:6)
  Nergalle (Lair:2)
  2 bog bodies (Lair:3)
  A cyclops (D:11)
  An ugly thing (D:11)
  A manticore (D:11)
  5 elephants (Lair:4)
  5 black mambas
  A black mamba (shapeshifter) (D:9)
  6 cane toads
  A torpor snail (Lair:5)
  2 unseen horrors (D:11)
  6 komodo dragons
  A kobold demonologist (D:11)
  Grinder (D:4)
  3 trolls
  A hornet (D:8)
  2 polar bears
  6 dream sheep (Lair:6)
  4 blink frogs (Lair:3)
  2 shadows (D:11)
  9 wyverns
  A wraith (D:11)
  77 yaks
  A steam dragon (D:7)
  2 acid dragons (D:11)
  14 water moccasins
  3 black bears
  2 orc warriors
  2 sky beasts
  2 ice beasts
  A necrophage (D:5)
  10 wolves
  10 centaurs
  A phantom (D:6)
  A kobold brigand (D:8)
  9 bullfrogs
  A gnoll sergeant (D:11)
  2 scorpions
  A water moccasin zombie (D:5)
  9 killer bees
  An electric eel (Lair:6)
  9 wights
  5 howler monkeys
  8 centaur zombies
  2 hounds
  A bullfrog skeleton (D:7)
  2 bullfrog zombies
  2 jellies
  A centaur skeleton (D:6)
  2 gnoll shamans
  6 orc priests
  Crazy Yiuf (D:3)
  3 iguanas
  6 orc wizards
  A scorpion zombie (D:5)
  2 hound skeletons
  2 howler monkey zombies
  8 gnolls
  2 howler monkey skeletons
  6 adders
  2 ufetubi
  An adder skeleton (D:4)
  3 dart slugs
  24 orcs
  7 ball pythons
  5 bats
  11 endoplasms
  5 giant cockroaches
  8 goblins
  8 hobgoblins
  6 jackals (D:3)
  11 kobolds
  2 quokkas
  2 frilled lizards
  A rat (D:3)
387 creatures vanquished.

Vanquished Creatures (collateral kills)
  A komodo dragon (Lair:1)
  A water moccasin (Lair:1)
2 creatures vanquished.

Vanquished Creatures (others)
  42 fungi
  22 plants
  2 withered plants (Lair:6)
66 creatures vanquished.

Grand Total: 455 creatures vanquished

Notes
Turn   | Place    | Note
-------+----------+-------------------------------------------
     0 | D:1      | sasquatch the Demonspawn Berserker began the quest for the
                  | Orb.
     0 | D:1      | Reached XP level 1. HP: 18/18 MP: 1/1
   303 | D:1      | Reached skill level 3 in Long Blades
   377 | D:1      | Gained mutation: A meltable shield of frost defends you.
                  | (SH +4) [demonic ancestry]
   377 | D:1      | Reached XP level 2. HP: 24/24 MP: 2/2
  1075 | D:1      | Reached ** piety under Trog
  1176 | D:1      | Gained mutation: You have a pair of small horns on your
                  | head. [demonic ancestry]
  1176 | D:1      | Reached XP level 3. HP: 26/29 MP: 3/3
  1820 | D:2      | Reached skill level 4 in Long Blades
  1996 | D:2      | Found a faded altar of an unknown god.
  2449 | D:3      | Reached XP level 4. HP: 35/35 MP: 4/4
  2506 | D:3      | Found a runed translucent door.
  2507 | D:3      | Noticed Crazy Yiuf
  2688 | D:3      | Reached skill level 5 in Long Blades
  3012 | D:3      | Reached XP level 5. HP: 41/41 MP: 5/5
  3079 | D:3      | Killed Crazy Yiuf
  3352 | D:4      | Reached *** piety under Trog
  3607 | D:4      | Noticed a black bear
  3618 | D:4      | Killed a black bear
  3619 | D:4      | Reached skill level 6 in Long Blades
  3619 | D:4      | Gained mutation: You are partially covered in yellow
                  | scales. (AC +2) [demonic ancestry]
  3619 | D:4      | Reached XP level 6. HP: 19/47 MP: 6/6
  4113 | D:4      | Noticed Grinder
  4139 | D:4      | Killed Grinder
  4140 | D:4      | Reached skill level 7 in Long Blades
  4140 | D:4      | Reached XP level 7. HP: 23/52 MP: 7/7
  4242 | D:5      | Entered Level 5 of the Dungeon
  4286 | D:5      | Reached skill level 8 in Long Blades
  4689 | D:5      | Found a sparkling altar of Nemelex Xobeh.
  4767 | D:5      | Reached skill level 9 in Long Blades
  4767 | D:5      | Gained mutation: You may rarely emit foul miasma when
                  | damaged in melee. [demonic ancestry]
  4767 | D:5      | Reached XP level 8. HP: 52/58 MP: 8/8
  5702 | D:6      | Reached skill level 10 in Long Blades
  6290 | D:6      | Found a shimmering altar of Xom.
  6325 | D:6      | Found a staircase to the Ecumenical Temple.
  6340 | D:6      | Found a stormy altar of Qazlal.
  6358 | D:6      | Found a shimmering blue altar of Sif Muna.
  6786 | D:7      | Reached skill level 11 in Long Blades
  6786 | D:7      | Gained mutation: You sometimes emit foul miasma when
                  | damaged in melee. [demonic ancestry]
  6786 | D:7      | Reached XP level 9. HP: 57/63 MP: 9/9
  7438 | D:7      | Found Tuighati's General Store.
  7452 | D:7      | Noticed Harold
  7465 | D:7      | Killed Harold
  7708 | D:7      | Reached skill level 12 in Long Blades
  8258 | D:7      | Noticed a troll
  8267 | D:7      | Killed a troll
  8984 | D:8      | Found a staircase to the Lair.
  9290 | D:8      | Reached skill level 13 in Long Blades
  9328 | D:8      | Reached XP level 10. HP: 69/70 MP: 10/10
  9783 | D:8      | Reached **** piety under Trog
 10408 | D:9      | Noticed a two-headed ogre
 10415 | D:9      | Killed a two-headed ogre
 10423 | D:9      | Reached skill level 14 in Long Blades
 10592 | D:9      | Noticed a black mamba
 10600 | D:9      | Killed a black mamba
 10801 | D:9      | Reached skill level 5 in Fighting
 11248 | D:9      | Reached XP level 11. HP: 56/81 MP: 11/11
 11892 | D:10     | Entered Level 10 of the Dungeon
 11912 | D:10     | Reached skill level 5 in Armour
 12197 | D:10     | Noticed a two-headed ogre
 12207 | D:10     | Killed a two-headed ogre
 13916 | D:11     | Noticed Fannar
 13929 | D:11     | Killed Fannar
 14263 | D:11     | Noticed a two-headed ogre
 14275 | D:11     | Killed a two-headed ogre
 14494 | D:11     | Noticed a boulder beetle
 14796 | D:11     | Killed a boulder beetle
 15485 | D:11     | Noticed a boulder beetle
 15486 | D:11     | Gained mutation: You frequently emit foul miasma when
                  | damaged in melee. [demonic ancestry]
 15486 | D:11     | Reached XP level 12. HP: 95/95 MP: 12/12
 15496 | D:11     | Noticed a seven-headed hydra
 15709 | D:11     | Killed a boulder beetle
 15899 | D:11     | Noticed a six-headed hydra
 16622 | D:11     | Reached skill level 10 in Fighting
 17269 | D:12     | Found a bloodstained altar of Trog.
 17283 | D:12     | Noticed an eight-headed hydra
 17459 | Lair:1   | Entered Level 1 of the Lair of Beasts
 17607 | Lair:1   | Reached skill level 10 in Armour
 17609 | Lair:1   | Reached skill level 1 in Shields
 17610 | Lair:1   | Reached ***** piety under Trog
 18278 | Lair:1   | Reached skill level 5 in Shields
 18706 | Lair:2   | Noticed an eight-headed hydra
 18716 | Lair:2   | Killed a nine-headed hydra
 19035 | Lair:2   | Noticed Nergalle
 19588 | Lair:2   | Noticed a five-headed hydra
 19594 | Lair:2   | Killed a five-headed hydra
 19595 | Lair:2   | Gained mutation: You are mostly covered in yellow scales.
                  | (AC +3) [demonic ancestry]
 19595 | Lair:2   | Reached XP level 13. HP: 103/103 MP: 13/13
 19925 | Lair:2   | Killed Nergalle
 20419 | Lair:3   | Received a gift from Trog
 21108 | Lair:3   | Found a staircase to the Swamp.
 21117 | Lair:3   | Found a staircase to the Snake Pit.
 22417 | Lair:4   | Identified the +1 scale mail of Light {rCorr Int+2}
 22904 | Lair:5   | Reached skill level 10 in Shields
 24152 | Lair:6   | Entered Level 6 of the Lair of Beasts
 24357 | Lair:5   | HP: 5/103 [death yak (3)]
 24357 | Lair:5   | HP: 2/103 [wolf (3)]
 24358 | Lair:5   | Slain by a wolf

Illustrated notes

Levels and vault maps discovered:
D:1:      psy_arrival_statuary, layout_loops_ring, serial_bayou_crossing
D:2:      layout_basic, hellmonk_ecumenical_altar_heavens_door
D:3:      layout_rooms, kennysheep_generic_room_13, uniq_crazy_yiuf_cottage
D:4:      kennysheep_big_flooded_room, layout_basic, uniq_grinder
D:5:      layout_basic, nicolae_overflow_crystal_walls, serial_aquarium,
          aquarium_bridge_island_small [aquarium_subvault_small_open,
          aquarium_subvault_wall, aquarium_subvault_bridge,
          aquarium_subvault_wall, aquarium_subvault_bridge],
          aquarium_bridge_long_separate [aquarium_subvault_bridge,
          aquarium_subvault_wall, aquarium_subvault_bridge,
          aquarium_subvault_wall, aquarium_subvault_bridge,
          aquarium_subvault_bridge], aquarium_window_2, aquarium_window_fake,
          aquarium_view_2b, aquarium_view_2b, aquarium_balcony_3a
D:6:      wad_pebble_path, layout_rooms, nicolae_overflow_hidden_temple,
          kennysheep_little_box, minmay_temple_entry_statues_fountains
D:7:      layout_basic, serial_shops, nicolae_inconvenience_store, minmay_holes,
          minivault_10, uniq_harold
D:8:      layout_basic, lair_entry_dummy, st_stairs_8, roderic_roman_lattice
D:9:      layout_long_grid, chequers_serial_rivers_large_a
D:10:     layout_layer_cave
D:11:     nzn_winding_woodlands_medium [nzn_winding_woodlands_5x5_open_star,
          nzn_winding_woodlands_5x15_cabin, nzn_winding_woodlands_5x5_three,
          nzn_winding_woodlands_5x5_default,
          nzn_winding_woodlands_center_garden,
          nzn_winding_woodlands_5x5_perimeter,
          nzn_winding_woodlands_5x5_default,
          nzn_winding_woodlands_5x15_pathside_ponds,
          nzn_winding_woodlands_5x5_closed_star], layout_stronghold, uniq_fannar
D:12:     layout_roguey, david_orc_1_choice, special_room [special_room_bee],
          minmay_tree_intersection, drop_trap, trog_three_pillars_becter
Lair:1:   layout_chaotic_city, hangedman_lair_generics_rect,
          serial_bayou_shore_b
Lair:2:   layout_chaotic_city, uniq_nergalle
Lair:3:   layout_cave_pods, skrybe_swamp_entry_bodies, dummy_snake_entry
Lair:4:   layout_loops_ring, lemuel_fruit_fields
Lair:5:   layout_layer_cave
Lair:6:   due_jungle_book, layout_misc_corridors, minmay_slime_entry_oklob_open,
          infiniplex_staircase_pool, lemuel_fruit_fields

Skill      XL: |  1  2  3  4  5  6  7  8  9 10 11 12 13 |
---------------+----------------------------------------+-----
Long Blades    | 3 4 5 6 7 9 11 13 14 | 14.0
Armour         | 4 8 10 | 10.0
Fighting       | 5 9 10 | 10.0
Shields        | 6 11 | 11.6
Dodging        | |  1.8

Action                   |  1- 3 |  4- 6 |  7- 9 | 10-12 | 13-15 || total
-------------------------+-------+-------+-------+-------+-------++-------
Melee: Falchion          |    95 |    91 |   162 |       |       ||   348
       Headbutt          |     7 |    21 |    85 |   165 |    91 ||   369
       Scimitar          |       |       |    50 |   518 |   327 ||   895
Throw: Dart              |       |       |     2 |    10 |       ||    12
Invok: Berserk           |     3 |     5 |     4 |    24 |     3 ||    39
       Trog's Hand       |       |     2 |     1 |     2 |       ||     5
Evoke: Wand              |       |       |       |    13 |       ||    13
  Use: Scroll            |       |       |       |    21 |     3 ||    24
 Stab: Sleeping          |     4 |     4 |       |       |       ||     8
Armor: Animal skin       |    23 |    14 |     4 |       |       ||    41
       Ring mail         |       |       |    49 |    46 |       ||    95
       Chain mail        |       |       |       |   200 |    58 ||   258
       Scale mail        |       |       |       |       |    53 ||    53
Dodge: Dodged            |    56 |    60 |   115 |   185 |    88 ||   504
Block: Other             |    13 |    12 |    22 |    58 |       ||   105
       Kite shield       |       |       |       |       |   220 ||   220
       Rpst.: Falchion   |    18 |    16 |    23 |       |       ||    57
       Scimitar          |       |       |     6 |    41 |    22 ||    69
